 Dungeon Crawl Stone Soup version 0.26.0-10-g1f06aea511 (webtiles) character file.

Game seed: 17344091666899092950

83603 MajorAdolf the Prestidigitator (level 15, -5/123 HPs)
             Began as a Naga Wanderer on Jan 17, 2021.
             Was an Initiate of Gozag.
             Slain by a faun
             ... wielding a +0 spear
              (18 damage)
             ... on level 2 of the Shoals.
             The game lasted 01:20:07 (42172 turns).

MajorAdolf the Prestidigitator (Naga Wanderer)     Turns: 42172, Time: 01:20:08

Health: -5/123     AC: 21    Str: 17    XL:     15   Next: 77%
Magic:  26/26      EV:  9    Int: 20    God:    Gozag
Gold:   1794       SH: 17    Dex: 13    Spells: 29/29 levels left

rFire    + + .     SeeInvis +   d - +7 broad axe (vorpal)
rCold    + . .     Faith    .   j - +0 kite shield
rNeg     + + .     Spirit   .   B - +2 leather armour of Inquiry {rN+ rCorr Str+4 Dex+2}
rPois    +         Reflect  +   V - +2 hat of Neugaog {Slay+2}
rElec    .         Harm     .   w - +0 cloak
rCorr    +         Rampage  .   W - +2 pair of gloves
Will     +....     Clarity  +   U - +1 barding
Stlth    +.........             a - amulet of reflection
HPRegen  0.30/turn              v - ring of positive energy
MPRegen  0.20/turn              I - ring of protection from fire

@: gold aura, slowed, glowing, very slow
A: large, see invisible, clarity, cold resistance 1, deformed body, fire
resistance 1, poison resistance, slowness 2, spit poison 1, constrict 1, AC +5
a: Spit Poison, Renounce Religion, Potion Petition, Call Merchant, Bribe Branch


You were on level 2 of the Shoals.
You worshipped Gozag.
Gozag was most pleased with you.
You visited 4 branches of the dungeon, and saw 20 of its levels.
You visited 1 bazaar.
You also visited: Trove, Sewer, Ossuary and Gauntlet.

You collected 5731 gold pieces.
You spent 2507 gold pieces at shops.
You paid 1430 gold pieces to Gozag.

Inventory:

Hand Weapons
 d - a +7 vorpal broad axe (weapon)
 u - the +9 falchion of Luploarph {venom, +Inv}
   (You found it on level 10 of the Dungeon)

   It poisons the flesh of those it strikes.
   It lets you turn invisible.
 M - a +1 broad axe
Armour
 j - a +0 kite shield (worn)
 w - a +0 cloak (worn)
 B - the +2 leather armour of Inquiry (worn) {rN+ rCorr Str+4 Dex+2}
   (You bought it in a shop on level 2 of the Lair of Beasts)

   It affects your strength (+4).
   It affects your dexterity (+2).
   It protects you from negative energy.
   It provides partial protection from all sources of acid and corrosion.
 U - a +1 barding (worn)
 V - the +2 hat of Neugaog (worn) {Slay+2}
   (You found it in a Gauntlet)

   It affects your accuracy and damage with ranged weapons and melee attacks
   (+2).
 W - a +2 pair of gloves (worn)
Magical Staves
 Z - an uncursed staff of fire
Jewellery
 a - an amulet of reflection (around neck)
 v - a ring of positive energy (left hand)
 F - an uncursed ring of wizardry
 H - an uncursed amulet of regeneration
 I - a ring of protection from fire (right hand)
Wands
 f - a wand of acid (9)
 k - a wand of digging (3)
 o - a wand of polymorph (14)
 A - a wand of iceblast (3)
 Y - a wand of random effects (6)
Scrolls
 i - a scroll of acquirement {unknown}
 l - 2 scrolls of blinking {unknown}
 s - 5 scrolls of enchant armour
 x - a scroll of magic mapping
 y - 5 scrolls of teleportation
 z - 6 scrolls of fog
 D - 9 scrolls of remove curse
 E - a scroll of brand weapon {unknown}
 G - a scroll of silence {unknown}
 K - 3 scrolls of immolation
 N - a scroll of identify
 Q - a scroll of amnesia {unknown}
 S - 2 scrolls of fear
Potions
 b - a potion of might
 c - 2 potions of haste
 e - a potion of brilliance
 g - 4 potions of berserk rage
 m - 4 potions of flight
 n - 6 potions of cancellation
 p - 12 potions of ambrosia
 q - a potion of resistance
 r - 3 potions of heal wounds
 t - 3 potions of mutation
 J - 2 potions of lignification
 L - 2 potions of magic {unknown}
 O - 2 potions of invisibility {unknown}
 P - a potion of curing
 R - 4 potions of attraction
Miscellaneous
 h - a tin of tremorstones (inert)
 C - a phantom mirror
 T - a box of beasts (inert)
 X - a phial of floods (inert)


   Skills:
 - Level 5.0 Fighting
 - Level 11.9(12.0) Axes
 - Level 2.0(8.0) Maces & Flails
 - Level 5.0 Armour
 - Level 4.0 Dodging
 - Level 1.5 Stealth
 + Level 10.8 Shields
 + Level 7.5 Spellcasting
 + Level 7.3 Conjurations
 + Level 7.4 Fire Magic
 + Level 14.7 Evocations


You had 29 spell levels left.
You didn't know any spells.
Your spell library contained the following spells:

 Spells                   Type           Power        Failure   Level
 Foxfire                  Conj/Fire      100%         1%          1
 Shock                    Conj/Air       88%          2%          1
 Inner Flame              Hex/Fire       22%          7%          3
 Static Discharge         Conj/Air       22%          7%          3
 Stone Arrow              Conj/Erth      44%          7%          3
 Animate Skeleton         Necr           14%          11%         1
 Pain                     Necr           28%          11%         1
 Sandblast                Erth           14%          11%         1
 Sting                    Tmut/Pois      28%          11%         1
 Summon Small Mammal      Summ           28%          11%         1
 Ignite Poison            Fire/Tmut/Pois 17%          12%         3
 Mephitic Cloud           Conj/Pois/Air  17%          12%         3
 Call Imp                 Summ           7%           16%         2
 Passwall                 Tmut/Erth      5%           16%         2
 Poisonous Vapours        Pois/Air       14%          16%         2
 Swiftness                Air            7%           16%         2
 Call Canine Familiar     Summ           7%           32%         3
 Summon Guardian Golem    Hex/Summ       7%           32%         3
 Vampiric Draining        Necr           3%           32%         3
 Bolt of Magma            Conj/Fire/Erth 13%          36%         5
 Lightning Bolt           Conj/Air       11%          54%         5
 Airstrike                Air            3%           71%         4
 Animate Dead             Necr           3%           71%         4
 Leda's Liquefaction      Hex/Erth       3%           71%         4
 Olgreb's Toxic Radiance  Pois           7%           71%         4
 Petrify                  Tmut/Erth      7%           71%         4
 Summon Ice Beast         Ice/Summ       7%           71%         4
 Summon Lightning Spire   Summ/Air       7%           71%         4
 Agony                    Necr           7%           96%         5
 Lee's Rapid Deconstruct  Erth           3%           96%         5
 Iron Shot                Conj/Erth      11%          98%         6
 Statue Form              Tmut/Erth      4%           100%        6
 Haunt                    Necr/Summ      3%           100%        7
 Borgnjor's Revivificati  Necr           3%           100%        8
 Infestation              Necr           3%           100%        8
 Necromutation            Tmut/Necr      3%           100%        8
 Death's Door             Necr           3%           100%        9
 Shatter                  Erth           3%           100%        9


Dungeon Overview and Level Annotations

Branches:
Dungeon (15/15)            Temple (1/1) D:7            Lair (2/6) D:11
 Shoals (1/4) Lair:2          Orc (0/2) D:9          Vaults (0/5) D:13
 Depths (0/5) D:15          Sewer (visited)         Ossuary (visited)
Gauntlet (visited)
  Snake: Lair:2-4    Spider: Lair:2-4

Altars:
Ashenzari
Cheibriados
Dithmenos
Elyvilon
Fedhas
Gozag
Hepliaklqana
Kikubaaqudgha
Makhleb
Nemelex Xobeh
Okawaru
Qazlal
Ru
Sif Muna
Trog
Uskayaw
Vehumet
Wu Jian
Xom
Yredelemnul
Zin
The Shining One

Shops:
D:5 ?   D:8 *   D:9 (   D:13 :   Lair:2 [

Annotations:
D:9 3 runed translucent doors, Raspi's ghost, journeyman FoFi
D:13 3 runed translucent doors


Innate Abilities, Weirdness & Mutations

You cannot wear boots.
Your serpentine skin is tough. (AC +5)
You have supernaturally acute eyesight. (SInv)
Armour fits poorly on your strangely shaped body.
Your system is resistant to poisons. (rPois)
You cover ground very slowly.
You can spit poison.
You can use your snake-like lower body to constrict enemies.
You possess an exceptional clarity of mind.
Your flesh is cold resistant. (rC+)
Your flesh is heat resistant. (rF+)


Message History

Aim: a faun, wielding a +0 spear and quivering 15 sling bullets (lightly wounded, 24% to evade)
The bolt of acid hits the faun!
The faun is splashed with acid.
The acid corrodes the faun!
You kill the faun!
The bolt of acid hits the faun!!
The faun is splashed with acid!
The acid corrodes the faun!
The faun is severely wounded.
The faun splashes around in the water.
Unknown command.
Evoke which item? (* to show all) (? for menu, Esc to quit)
Aiming: Corrosive Bolt
Press: ? - help, Shift-Dir - straight line, f/p - faun
Aim: a faun, wielding a +0 spear and quivering 15 sling bullets (severely wounded, covered in acid, 24% to evade)
The bolt of acid misses the faun.
You have got your breath back.
The faun hits you from afar with a +0 spear.
* * * LOW HITPOINT WARNING * * *
The faun hits you from afar with a +0 spear!!
You die...
Your body crumbles into a pile of gold.

≈##≈≈≈≈≈
≈...##.≈≈...≈ ≈≈#
≈≈≈≈
≈≈≈≈...≈≈≈≈≈.
≈≈##
≈≈≈≈≈≈≈≈≈≈≈≈≈≈≈.
≈≈≈##
≈≈≈≈≈≈≈≈≈≈≈≈≈.#
≈≈≈8#
≈≈≈≈≈.≈≈≈≈≈≈.#
#≈≈##
≈...≈≈≈≈≈≈≈.##
#≈≈8#
≈≈.≈≈≈≈≈≈≈≈..##
#≈≈##
...^....$c$..#
))(#
###...@#.≈(.###..
')(#
#...##.......≈.
#).##
#..####(.......
#..8# ###..#
#........ #..##
#####...##
#........ $
...8####.....###
.......≈≈
...##.#......#
.#.≈≈≈≈≈≈
..##...≈.....# .#
.≈≈≈≈≈≈
..#P..≈≈≈≈.P...≈
≈ .≈≈≈≈≈≈


You could see a faun (corroded).

Vanquished Creatures
  A sphinx (shapeshifter) (D:13)
  Kirke (D:13)
  Azrael (D:15)
  A minotaur (Gauntlet)
  A merfolk impaler (Shoals:2)
  Harold (D:7)
  An ogre mage (D:13)
  4 boulder beetles
  2 hydras
  4 centaur warriors
  3 two-headed ogres
  A vault guard (D:13)
  Erica (D:11)
  A merfolk avatar (Shoals:2)
  2 satyrs (Shoals:2)
  A death yak (shapeshifter) (D:15)
  A tengu warrior (D:15)
  A storm dragon zombie (D:15)
  7 skeletal warriors
  2 unseen horrors (D:13)
  A wizard (D:13)
  A tengu zombie (D:15)
  A wolf spider zombie (D:15)
  A necromancer (D:15)
  3 harpies
  A phantasmal warrior (D:15)
  23 ugly things
  A wolf spider (D:15)
  6 manticores
  2 deep elf magi
  12 fauns (Shoals:2)
  A shining eye (shapeshifter) (D:13)
  4 cyclopes
  A merfolk siren (Shoals:2)
  An ice statue (Gauntlet)
  A centaur zombie (D:14)
  A water nymph (Lair:2)
  A molten gargoyle (D:14)
  3 cane toads
  2 gargoyles
  Psyche (D:9)
  Maggie (D:7)
  A freezing wraith (D:14)
  3 komodo dragons
  A kobold demonologist (D:13)
  3 rime drakes
  An efreet (Gauntlet)
  2 tengu conjurers (D:14)
  A queen bee (D:12)
  3 meliai (D:12)
  5 merfolk
  A merfolk (shapeshifter) (D:13)
  A hornet (D:10)
  2 slime creatures
  A spriggan zombie (D:15)
  4 trolls
  Prince Ribbit (D:7)
  10 blink frogs (Lair:2)
  A fire dragon zombie (D:15)
  3 snapping turtles
  2 wyverns
  A water elemental (Shoals:1)
  A wraith (D:11)
  2 basilisks
  Sigmund (D:2)
  2 shadows
  6 fire elementals
  35 yaks
  A neqoxec (Gauntlet)
  2 vampire mosquitoes (D:13)
  3 chaos spawn (Gauntlet)
  2 wargs (D:10)
  Menkaure (D:5)
  8 hell hounds
  An acid dragon (D:11)
  9 water moccasins
  A soldier ant (D:11)
  A meliai simulacrum (D:13)
  A swamp drake (D:9)
  4 sky beasts
  10 orc warriors
  6 ice beasts
  An eye of draining (D:15)
  3 necrophages
  4 black bears
  2 phantoms
  10 ogres
  9 centaurs
  2 big kobolds
  An elf zombie (D:9)
  12 bullfrogs
  2 wyvern skeletons
  3 scorpions
  29 killer bees
  21 wights
  3 howler monkeys
  A lava snake (D:14)
  A human zombie (D:9)
  4 hounds
  9 orc priests
  4 centaur skeletons
  4 jellies
  13 orc wizards
  2 iguanas
  3 bullfrog skeletons
  Natasha (thrice) (D:2)
  14 worker ants
  An ogre zombie (D:9)
  A hound skeleton (D:4)
  8 mummies
  Robin (D:2)
  14 adders
  3 shadow imps
  3 white imps
  2 ufetubi (D:8)
  9 oozes
  2 adder zombies
  4 worms
  14 leopard geckos
  60 orcs
  20 giant cockroaches
  9 goblins
  20 hobgoblins
  4 jackals (D:2)
  15 kobolds
  A quokka (D:11)
  12 ball pythons
  6 bats
  14 frilled lizards
  5 gnoll skeletons (Ossuary)
  3 gnoll zombies (Ossuary)
  7 goblin skeletons (Ossuary)
  5 goblin zombies (Ossuary)
  2 hobgoblin skeletons (Ossuary)
  4 hobgoblin zombies (Ossuary)
  A kobold skeleton (Ossuary)
  5 kobold zombies (Ossuary)
  A leopard gecko skeleton (D:5)
  5 orc skeletons (Ossuary)
  5 orc zombies
  15 rats
  2 rat skeletons (Ossuary)
  6 rat zombies (Ossuary)
699 creatures vanquished.

Vanquished Creatures (collateral kills)
  3 hydras
  A faun (Shoals:2)
  A kobold demonologist (D:14)
  A freezing wraith (D:14)
  A merfolk (Shoals:2)
  A slime creature (D:14)
  2 yaks (Lair:2)
10 creatures vanquished.

Vanquished Creatures (others)
  4 humans (D:13)
  A worker ant (D:13)
  A hobgoblin skeleton (Ossuary)
  An orc skeleton (Ossuary)
  A rat skeleton (Ossuary)
  4 demonic plants (Gauntlet)
  16 fungi (Lair:2)
  64 plants
  11 withered plants (D:15)
103 creatures vanquished.

Grand Total: 812 creatures vanquished

Notes
Turn   | Place    | Note
-------+----------+-------------------------------------------
     0 | D:1      | MajorAdolf the Naga Wanderer began the quest for the Orb.
     0 | D:1      | MajorAdolf set off with the following items: a +2 mace, a
                  | +0 robe; and the following spells available to memorise:
                  | Animate Skeleton, Foxfire, Inner Flame, Vampiric Draining
     0 | D:1      | Reached XP level 1. HP: 19/19 MP: 4/4
   502 | D:1      | Reached XP level 2. HP: 26/26 MP: 6/6
   716 | D:1      | Reached skill level 1 in Axes
  1012 | D:1      | Reached XP level 3. HP: 33/33 MP: 7/7
  1173 | D:1      | Reached skill level 1 in Dodging
  1910 | D:2      | Noticed Robin
  2088 | D:2      | Reached XP level 4. HP: 35/40 MP: 8/8
  2234 | D:2      | Killed Robin
  3234 | D:2      | Reached XP level 5. HP: 49/49 MP: 9/9
  3330 | D:2      | Noticed Sigmund
  3341 | D:2      | Killed Sigmund
  3342 | D:2      | Reached XP level 6. HP: 27/57 MP: 10/10
  3500 | D:2      | Noticed Natasha
  3508 | D:2      | Killed Natasha
  3730 | D:2      | Noticed Natasha
  3739 | D:2      | Killed Natasha
  3756 | D:2      | Noticed Natasha
  3769 | D:2      | Killed Natasha
  4149 | D:3      | Found a shimmering altar of Xom.
  4683 | D:4      | Noticed a phantom
  4740 | D:4      | Killed a phantom
  4741 | D:4      | Reached XP level 7. HP: 53/66 MP: 11/11
  4762 | D:4      | Found a white marble altar of Elyvilon.
  4803 | D:4      | Found a glowing drain.
  4814 | Sewer    | Entered a sewer
  5556 | D:4      | Reached skill level 5 in Fighting
  5914 | D:4      | Reached skill level 1 in Evocations
  5914 | D:4      | Reached XP level 8. HP: 74/74 MP: 12/12
  6021 | D:5      | Entered Level 5 of the Dungeon
  6034 | D:5      | Found Ece Amag's Magic Scroll Emporium.
  6429 | D:5      | Noticed Menkaure
  6446 | D:5      | Killed Menkaure
  6447 | D:5      | Reached skill level 2 in Evocations
  6618 | D:5      | Found a blossoming altar of Fedhas.
  6990 | D:5      | Found a stormy altar of Qazlal.
  7223 | D:5      | Noticed an air elemental
  7223 | D:5      | Noticed a water elemental
  7300 | D:6      | Reached skill level 3 in Evocations
  7304 | D:6      | Found a sand-covered staircase.
  7316 | Ossuary  | Entered an ossuary
  9034 | D:6      | Reached skill level 5 in Armour
  9160 | D:6      | Reached skill level 4 in Evocations
  9206 | D:6      | Reached XP level 9. HP: 36/81 MP: 13/13
 10549 | D:7      | Noticed Prince Ribbit
 10567 | D:7      | Killed Prince Ribbit
 10568 | D:7      | Reached skill level 5 in Axes
 10568 | D:7      | Reached skill level 5 in Evocations
 10845 | D:7      | Noticed Harold
 10860 | D:7      | Killed Harold
 10861 | D:7      | Reached skill level 6 in Evocations
 11182 | D:7      | Found a staircase to the Ecumenical Temple.
 11247 | Temple   | Entered the Ecumenical Temple
 11389 | Temple   | Became a worshipper of Gozag Ym Sagoz the Greedy
 11549 | D:7      | Noticed Maggie
 11573 | D:7      | Killed Maggie
 11574 | D:7      | Reached skill level 7 in Evocations
 11810 | D:7      | Found a hazy altar of Hepliaklqana.
 11918 | D:7      | Reached XP level 10. HP: 62/88 MP: 14/14
 12025 | D:7      | Found a bloodstained altar of Trog.
 13065 | D:8      | Reached skill level 8 in Evocations
 13310 | D:8      | Found Besmes Wuant's General Store.
 13581 | D:8      | Bought a scroll of summoning for 114 gold pieces
 13581 | D:8      | Bought 2 potions of curing for 72 gold pieces
 13583 | D:8      | Bought a potion of lignification for 36 gold pieces
 13583 | D:8      | Bought a scroll of teleportation for 36 gold pieces
 13583 | D:8      | Bought a wand of disintegration (14) for 216 gold pieces
 13583 | D:8      | Bought a scroll of fog for 24 gold pieces
 15478 | D:9      | Noticed Psyche
 15751 | D:9      | Found a runed translucent gate.
 15752 | D:9      | Found a runed translucent gate.
 15752 | D:9      | Found an opulent altar of Gozag.
 15753 | D:9      | Found a runed translucent gate.
 15754 | D:9      | Noticed a catoblepas
 15754 | D:9      | Noticed Raspi's ghost (journeyman FoFi)
 15775 | D:9      | Found Yleiseof's Weapon Shop.
 16118 | D:9      | Reached skill level 9 in Evocations
 16152 | D:9      | Found an opulent altar of Gozag.
 16591 | D:9      | Found a basalt altar of Yredelemnul.
 16845 | D:9      | Noticed a manticore
 16861 | D:9      | HP: 6/121 [manticore (5)]
 16875 | D:9      | Killed a manticore
 17427 | D:9      | Killed Psyche
 17428 | D:9      | Reached XP level 11. HP: 94/94 MP: 15/15
 17691 | D:9      | Found a staircase to the Orcish Mines.
 19014 | D:10     | Entered Level 10 of the Dungeon
 20070 | D:10     | Reached skill level 10 in Evocations
 20302 | D:10     | Found a portal to a secret trove of treasure.
 20471 | D:11     | Found a staircase to the Lair.
 20505 | D:11     | Noticed Erica
 20508 | D:11     | Killed Erica
 20519 | D:11     | Noticed a centaur warrior
 20527 | D:11     | Killed a centaur warrior
 20528 | D:11     | Reached skill level 5 in Shields
 20534 | D:11     | Noticed a manticore
 20538 | D:11     | Killed a manticore
 20548 | D:11     | Found a gate leading to a gauntlet.
 20553 | Gauntlet | Entered a Gauntlet
 20553 | Gauntlet | Found a transporter.
 20950 | Gauntlet | Found a transporter.
 20951 | Gauntlet | Found a transporter.
 20958 | Gauntlet | Noticed a shining eye
 20962 | Gauntlet | Found a transporter.
 20963 | Gauntlet | Found a transporter.
 20965 | Gauntlet | Noticed a fire crab
 20972 | Gauntlet | Found a transporter.
 20985 | Gauntlet | Noticed a sixfirhy
 20988 | Gauntlet | Found a transporter.
 20990 | Gauntlet | Noticed a sixfirhy
 20998 | Gauntlet | Found a transporter.
 21000 | Gauntlet | Noticed a death ooze
 21008 | Gauntlet | Found a transporter.
 21025 | Gauntlet | Found a transporter.
 21037 | Gauntlet | Found a transporter.
 21039 | Gauntlet | Found a transporter.
 21103 | Gauntlet | Found a transporter.
 21103 | Gauntlet | Found a transporter.
 21106 | Gauntlet | Found a runed translucent door.
 21121 | Gauntlet | Gained mutation: You possess an exceptional clarity of
                  | mind. [potion of mutation]
 21121 | Gauntlet | Gained mutation: Your flesh is heat resistant. (rF+)
                  | [potion of mutation]
 21121 | Gauntlet | Gained mutation: Your flesh is cold resistant. (rC+)
                  | [potion of mutation]
 21175 | Gauntlet | Noticed a minotaur
 21257 | Gauntlet | Reached skill level 11 in Evocations
 21703 | Gauntlet | Got a fading hat
 21714 | Gauntlet | Reached XP level 12. HP: 84/103 MP: 16/16
 21732 | Gauntlet | Got a sparkling diamond amulet
 21788 | Gauntlet | HP: 1/103 [shot self (12)]
 21789 | Gauntlet | Killed a minotaur
 23319 | D:10     | Reached skill level 10 in Axes
 23487 | D:9      | Bought the +10 shortbow "Tuoha" {vorpal, rN+ Str+2 Int+3
                  | SInv} for 1125 gold pieces
 23656 | D:9      | Identified the +2 hat of Neugaog {Slay+2} (You found it in
                  | a Gauntlet)
 23683 | D:9      | Identified the amulet of Res Nullius {Inacc Will+} (You
                  | found it in a Gauntlet)
 23772 | D:10     | You paid a toll of the shortbow "Tuoha" to enter a treasure
                  | trove
 23773 | Trove    | Entered a treasure trove
 23849 | D:10     | Got an ancient falchion
 23854 | D:10     | Identified the +9 falchion of Luploarph {venom, +Inv} (You
                  | found it on level 10 of the Dungeon)
 25278 | D:12     | Reached skill level 12 in Evocations
 26077 | D:12     | Noticed a two-headed ogre
 26083 | D:12     | Killed a two-headed ogre
 26883 | D:12     | Noticed a two-headed ogre
 26895 | D:12     | Killed a two-headed ogre
 26911 | D:12     | Noticed a boulder beetle
 26948 | D:12     | Killed a boulder beetle
 27113 | D:12     | Gained mutation: You can use your snake-like lower body to
                  | constrict enemies. [Naga growth]
 27113 | D:12     | Reached XP level 13. HP: 102/109 MP: 17/17
 28407 | D:13     | Identified the +10 longbow of Valiance {flame, rN+ MP+9
                  | Int-2 Dex+5}
 28407 | D:13     | Noticed Kirke
 28419 | D:13     | Killed Kirke
 28420 | D:13     | Reached skill level 13 in Evocations
 28428 | D:13     | Noticed an ogre mage
 29182 | D:13     | Killed an ogre mage
 29616 | D:13     | Reached skill level 1 in Conjurations
 29616 | D:13     | Reached skill level 1 in Fire Magic
 29786 | D:13     | Noticed a sphinx
 29798 | D:13     | Killed a sphinx
 30215 | D:13     | Noticed a vault guard
 30224 | D:13     | Killed a vault guard
 30379 | D:13     | Found a gate to the Vaults.
 30650 | D:13     | HP: 3/109 [green ugly thing (13)]
 31016 | D:13     | Reached XP level 14. HP: 117/117 MP: 20/20
 31044 | D:13     | Found a runed translucent door.
 31064 | D:13     | Found a runed translucent door.
 31068 | D:13     | Found a runed translucent door.
 31256 | D:14     | Found a flickering gateway to a bazaar.
 31280 | Bazaar   | Entered a bazaar
 31280 | Bazaar   | Found Ustol's Antique Armour Boutique.
 31280 | Bazaar   | Found Qoiffiam's Armour Shop.
 31280 | Bazaar   | Found Umefax's Antique Weapon Shop.
 31613 | Bazaar   | Bought a glowing broad axe for 196 gold pieces
 31642 | Bazaar   | Bought a cursed +0 kite shield for 45 gold pieces
 31911 | D:14     | Reached skill level 5 in Spellcasting
 32997 | D:14     | Got a blackened broad axe
 32999 | D:14     | Identified the +1 broad axe of the Middle {vorpal, rC+
                  | Int+3} (You found it on level 14 of the Dungeon)
 33525 | D:14     | Found a glowing golden altar of the Shining One.
 34202 | D:15     | Entered Level 15 of the Dungeon
 34223 | D:15     | Noticed Azrael
 34228 | D:15     | Reached skill level 14 in Evocations
 34232 | D:15     | Reached skill level 5 in Fire Magic
 34233 | D:15     | Killed Azrael
 34234 | D:15     | Reached skill level 5 in Conjurations
 34434 | D:15     | Reached skill level 10 in Shields
 35484 | D:15     | Found a staircase to the Depths.
 35502 | D:15     | Reached XP level 15. HP: 36/123 MP: 24/24
 36683 | Lair:1   | Entered Level 1 of the Lair of Beasts
 36823 | Lair:1   | Noticed Sonja
 36826 | Lair:1   | Noticed Sonja
 36826 | Lair:1   | Sonja changed into Sonja the spriggan
 36828 | Lair:1   | Noticed Sonja
 36828 | Lair:1   | Sonja the spriggan changed into Sonja the rime drake
 36831 | Lair:1   | Killed Sonja the rime drake
 39811 | Lair:2   | Found a staircase to the Shoals.
 39996 | Shoals:1 | Entered Level 1 of the Shoals
 40356 | Lair:2   | Bought an ichor-stained leather armour for 273 gold pieces
 40367 | Lair:2   | Identified the +2 leather armour of Inquiry {rN+ rCorr
                  | Str+4 Dex+2} (You bought it in a shop on level 2 of the
                  | Lair of Beasts)
 40604 | Lair:2   | Bought a bloodstained chain mail for 370 gold pieces
 40615 | Lair:2   | Identified the cursed +0 chain mail of Experimentation
                  | {rC+++ Int+7 Dex-3} (You bought it in a shop on level 2 of
                  | the Lair of Beasts)
 40675 | Shoals:1 | You fall into a shaft and drop 1 floor!
 42172 | Shoals:2 | Slain by a faun

Illustrated notes

Levels and vault maps discovered:
D:1:      dpeg_arrival_radiant, layout_loops_ring, minmay_rat_gold_closets
D:2:      layout_basic, minmay_misc_feat_five, uniq_sigmund, uniq_natasha,
          uniq_robin
D:3:      layout_loops_cross, old_standard_altar
D:4:      minmay_diamond_boxcup, layout_loops_cross, old_standard_altar,
          gup_sewer_entry_pipe
D:5:      layout_loops_ring, fedhas_altar_fruit_tree, serial_shops,
          shop_fountains, nicolae_qazlal_style_of_elements, uniq_menkaure
D:6:      layout_layer_cave, gup_ossuary_entry_pyramid
D:7:      layout_loops_ring, lemuel_doored_altar, lemuel_round_altar,
          temple_green, minmay_misc_feat_cross, moated_statue, uniq_harold,
          uniq_prince_ribbit1, uniq_maggie
D:8:      layout_basic, serial_shops, nicolae_shop_trees
D:9:      layout_loops_ring, lemuel_mausoleum_altar_yredelemnul, erik_orc_1,
          serial_shops, shop_fountains, ebering_ghost_gozag, basic_altar,
          uniq_psyche
D:10:     layout_roguey, enter_trove_2
D:11:     layout_cave_pools, erik_lair_orcish_takeover, gauntlet_entry_generic,
          chequers_serial_rivers_micro_e, chequers_serial_rivers_small_b,
          uniq_erica
D:12:     layout_basic, special_room [special_room_bee]
D:13:     minmay_the_grid_triangle_9x9_rhombus_full_mashed
          [minmay_the_grid_triangle_9x9_descending_squares,
          minmay_the_grid_triangle_9x9_fully_insulated_deathbox,
          minmay_the_grid_triangle_9x9_corrupted_corridor,
          minmay_the_grid_triangle_9x9_minimal,
          minmay_the_grid_triangle_9x9_alien,
          minmay_the_grid_triangle_9x9_semitri,
          minmay_the_grid_triangle_9x9_thin_v,
          minmay_the_grid_triangle_9x9_prize_insulated], layout_basic,
          david_vaults_5, hangedman_tell_no_tales, uniq_kirke
D:14:     layout_basic, serial_shops, bzr_entry_gold,
          nicolae_tso_swordbearing_angel
D:15:     gammafunk_depths_entry_grave, layout_loops_ring, minivault_27,
          uniq_azrael
Temple:   eino_temple_rhombus
Lair:1:   layout_gridlike, uniq_sonja
Lair:2:   layout_loops_ring, minmay_shoals_entry_hut, nzn_sisyphean_effort
Shoals:1: layout_shoals, uniq_louise, uniq_josephine
Shoals:2: cheibrodos_shoals_oceanic_diplomacy, layout_shoals,
          nicolae_shoals_arrival_archipelago

Skill      XL: |  1  2  3  4  5  6  7  8  9 10 11 12 13 14 15 |
---------------+----------------------------------------------+-----
Axes           | 1 2 4 7 9 10 11 | 11.9
Dodging        | 1 2 3 4 |  4.0
Fighting       | 3 4 5 |  5.0
Armour         | 2 3 4 5 |  5.0
Evocations     | 1 4 7 9 11 12 13 14 | 14.7
Shields        | 3 6 8 9 10 | 10.8
Conjurations   | 3 5 7 |  7.3
Fire Magic     | 3 5 7 |  7.4
Spellcasting   | 4 6 7 |  7.5
Maces & Flails | |  2.0
Stealth        | |  1.5

Action                   |  1- 3 |  4- 6 |  7- 9 | 10-12 | 13-15 || total
-------------------------+-------+-------+-------+-------+-------++-------
Melee: Mace              |    57 |    40 |   171 |   220 |       ||   488
       Dagger            |       |   117 |   338 |   409 |       ||   864
       War axe           |       |       |       |    92 |       ||    92
       Battleaxe         |       |       |       |   151 |       ||   151
       Falchion          |       |       |       |   198 |   217 ||   415
       Constrict         |       |       |       |       |   138 ||   138
       Broad axe         |       |       |       |       |   484 ||   484
Invok: Call Merchant     |       |       |       |       |     2 ||     2
 Abil: Spit Poison       |    32 |    14 |    14 |    30 |     6 ||    96
Evoke: Wand              |       |       |     9 |    43 |    69 ||   121
       Phial of floods   |       |       |       |     1 |     4 ||     5
       Phantom mirror    |       |       |       |       |     3 ||     3
       Tin of tremorston |       |       |       |       |     7 ||     7
       Box of beasts     |       |       |       |       |     3 ||     3
  Use: Scroll            |       |     6 |     6 |    10 |    21 ||    43
       Potion            |       |       |     3 |    10 |     8 ||    21
 Stab: Distracted        |       |       |       |     5 |     4 ||     9
       Paralysed         |       |       |       |    16 |     6 ||    22
       Sleeping          |       |       |       |       |     2 ||     2
Armor: Robe              |     1 |       |       |   308 |   321 ||   630
       Scale mail        |    33 |    60 |   242 |   221 |       ||   556
       Skin              |       |       |    11 |    46 |       ||    57
       Leather armour    |       |       |       |       |    30 ||    30
Dodge: Dodged            |    22 |    66 |   181 |   491 |   242 ||  1002
Block: Other             |       |       |     4 |   228 |    58 ||   290
       Reflection        |       |       |       |     8 |    22 ||    30
       Kite shield       |       |       |       |       |   391 ||   391
       Rpst.: Falchion   |       |       |       |    28 |    24 ||    52
